 Dungeon Crawl Stone Soup version 0.28.0-43-g3370ac3207 (webtiles) character file.

Game seed: 11028263068504134968

190 Eitelfritz the Cudgeller (level 5, -10/45 HPs)
             Began as a Minotaur Gladiator on Mar 15, 2022.
             Killed from afar by Ijyb (30 damage)
             ... with a bolt of acid
             ... on level 4 of the Dungeon.
             The game lasted 00:06:08 (3705 turns).

Eitelfritz the Cudgeller (Minotaur Gladiator)       Turns: 3705, Time: 00:06:09

Health: -10/45     AC:  6    Str: 19    XL:     5   Next: 41%
Magic:  4/4        EV: 11    Int:  7    God:
Gold:   119        SH:  0    Dex: 11    Spells: 4/4 levels left

rFire   + . .      SeeInvis .   a - +0 flail
rCold   + . .      Faith    .   (no shield)
rNeg    . . .      Spirit   .   j - +0 scale mail
rPois   .          Reflect  .   c - +0 hat
rElec   .          Harm     .   b - scarf {rC+ rF+}
rCorr   .          Rampage  .   (no gloves)
Will    .....                   (no boots)
Stlth   ..........              (no amulet)
HPRegen 0.15/turn               k - ring of flight
MPRegen 0.09/turn               (no ring)

@: flying
A: horns 2, retaliatory headbutt
a: no special abilities


You were on level 4 of the Dungeon.
You visited 1 branch of the dungeon, and saw 4 of its levels.

You collected 119 gold pieces.

Inventory:

Hand Weapons
 a - a +0 flail (weapon)
Missiles
 d - 3 throwing nets (quivered)
 p - 3 poisoned darts
Armour
 b - a scarf of resistance (worn)
 c - a +0 hat (worn)
 f - a +0 ring mail
 j - a +0 scale mail (worn)
Jewellery
 k - a ring of flight (left hand)
Wands
 m - a wand of paralysis (5)
Potions
 e - a potion of lignification {unknown}
 h - a potion of flight
 i - a potion of brilliance
 n - a potion of curing {unknown}
 o - 3 potions of mutation


   Skills:
 + Level 3.3 Fighting
 + Level 5.1 Maces & Flails
 + Level 2.1 Throwing
 + Level 3.6 Armour
 + Level 3.9 Dodging
 + Level 0.3 Stealth


You had 4 spell levels left.
You didn't know any spells.
Your spell library contained the following spells:

 Spells                   Type           Power      Damage    Failure   Level
 Beastly Appendage        Tmut           0%         N/A       80%         1
 Wereblood                Tmut           0%         N/A       90%         2
 Spider Form              Tmut/Pois      0%         N/A       99%         3


Dungeon Overview and Level Annotations

Branches:
Dungeon (4/15)
 Temple: D:4-7

Altars:
Cheibriados

Annotations:
D:4 Dowan, Duvessa, Ijyb


Innate Abilities, Weirdness & Mutations

You have a pair of horns on your head.
You reflexively headbutt those who attack you in melee.


Message History

You kill the gnoll!
You see here a +0 spear.
Ijyb the Twisted Goblin comes into view.
She is wielding a +0 club and carrying a wand of acid (4).
There is a stone staircase leading up here.
You fly upwards.
There is a stone staircase leading down here.
You start resting.
HP restored.
You fly downwards.
Level annotation: Dowan, Duvessa, Ijyb Duvessa shouts!
There is a stone staircase leading up here.
Ijyb zaps a wand.
The bolt of acid hits you!!
Ouch! That really hurt!
The acid corrodes you!
You see here a +0 whip.
There is a stone staircase leading up here.
You fly upwards.
There is a stone staircase leading down here.
You start resting.
You are no longer corroded.
You start resting.
HP restored.
There is a stone staircase leading down here.
You fly downwards.
Level annotation: Dowan, Duvessa, Ijyb
There is a stone staircase leading up here.
Ijyb is nearby!
Ijyb hits you but does no damage.
You hit Ijyb.
Ijyb is lightly wounded.
Ijyb zaps a wand.
The bolt of acid hits you!!
You closely miss Ijyb.
Ijyb is lightly wounded.
Ijyb hits you with a +0 club.
You barely miss Ijyb.
Ijyb is lightly wounded.
Ijyb zaps a wand.
The bolt of acid hits you!!
Ouch! That really hurt!
You die...

##### #.# #####....### #.#
#..........## #.# ...........#
#.# ..##........#### ##.##
..>....##....#.## #.
##...####.#....g@........## #..
^....#.#..........#.......##...
...)..<....##....###......#...#
.....)...#####...#...........#
....g....# #..............#
.......e.# ###..#.#.....###
.........# #.#####....##
#............ #.... ##....###
#.....##.......#.....##....#.
..


You could see Ijyb.

Vanquished Creatures
  A centaur zombie (D:4)
  Natasha (D:4)
  Terence (D:2)
  4 gnolls
  2 adders (D:2)
  An ufetubus (D:4)
  A dart slug (D:1)
  2 ball pythons (D:1)
  4 bats
  7 endoplasms
  3 giant cockroaches (D:1)
  2 goblins
  4 hobgoblins
  2 jackals (D:3)
  4 kobolds
  4 quokkas
  4 frilled lizards
  2 rats
49 creatures vanquished.

Notes
Turn   | Place    | Note
-------+----------+-------------------------------------------
     0 | D:1      | Eitelfritz the Minotaur Gladiator began the quest for the
                  | Orb.
     0 | D:1      | Reached XP level 1. HP: 18/18 MP: 0/0
   179 | D:1      | Reached skill level 4 in Maces & Flails
   298 | D:1      | Reached XP level 2. HP: 25/25 MP: 1/1
   685 | D:1      | Found a faded altar of an unknown god.
   960 | D:2      | Found a snail-covered altar of Cheibriados.
  1003 | D:2      | Noticed Terence
  1027 | D:2      | Killed Terence
  1028 | D:2      | Reached skill level 1 in Armour
  1028 | D:2      | Reached XP level 3. HP: 21/30 MP: 2/2
  1689 | D:2      | Reached XP level 4. HP: 31/37 MP: 3/3
  2634 | D:4      | Noticed Natasha
  2644 | D:4      | Killed Natasha
  2909 | D:4      | Reached skill level 5 in Maces & Flails
  2909 | D:4      | Reached XP level 5. HP: 43/45 MP: 4/4
  2953 | D:4      | Noticed Duvessa
  2956 | D:4      | Noticed Dowan
  3392 | D:4      | Noticed Ijyb
  3705 | D:4      | Killed from afar by Ijyb

Illustrated notes

Levels and vault maps discovered:
D:1:      nicolae_arrival_somewhat_less_tricky_arrival, layout_basic,
          basic_ecumenical_altar, amcnicky_mini_pool_small,
          hangedman_abyss_or_decor_stabs
D:2:      layout_loops_cross, serial_rivers, chequers_serial_rivers_room_a,
          chequers_serial_rivers_micro_d, chequers_serial_rivers_small_a,
          chequers_serial_rivers_micro_a, chequers_serial_rivers_large_a,
          chequers_serial_rivers_room_a, basic_altar, uniq_terence
D:3:      layout_loops_cross
D:4:      layout_cave_pools, lemuel_zombie_altar_kikubaaqudgha, uniq_ijyb,
          uniq_robin, uniq_duvessa, uniq_natasha

Skill      XL: |  1  2  3  4  5 |
---------------+----------------+-----
Maces & Flails | 4 5 |  5.1
Armour         | 1 2 3 |  3.6
Fighting       | 3 |  3.3
Throwing       | |  2.1
Dodging        | |  3.9
Stealth        | |  0.3

Action                   |  1- 3 |  4- 6 || total
-------------------------+-------+-------++-------
Melee: Flail             |    62 |    70 ||   132
       Headbutt          |     6 |    13 ||    19
       Punch             |       |     1 ||     1
  Use: Scroll            |       |     6 ||     6
Armor: Ring mail         |    16 |       ||    16
       Scale mail        |     9 |    32 ||    41
Dodge: Dodged            |    42 |    50 ||    92
